 Dungeon Crawl Stone Soup version 0.26-a0-252-gb32a1a6195 (webtiles) character file.

Game seed: 12641017082746617009

88 BritishOli the Slasher (level 4, 0/34 HPs)
             Began as a Demonspawn Gladiator on July 9, 2020.
             Killed by divine providence
             ... invoked by an orc priest
              (9 damage)
             ... on level 3 of the Dungeon.
             The game lasted 00:01:16 (2230 turns).

BritishOli the Slasher (Demonspawn Gladiator)       Turns: 2230, Time: 00:01:16

Health: 0/34       AC:  4    Str: 15    XL:     4   Next: 29%
Magic:  0/4        EV: 13    Int: 10    God:
Gold:   110        SH:  0    Dex: 14    Spells: 3/3 levels left

rFire    . . .     SeeInvis .   a - +0 long sword
rCold    . . .     Faith    .   (no shield)
rNeg     . . .     Spirit   +   b - +0 leather armour
rPois    .         Reflect  .   c - +0 helmet
rElec    .         Harm     .   (no cloak)
rCorr    .                      (no gloves)
MR       .....                  (no boots)
Stlth    +.........             (no amulet)
HPRegen  0.11/turn              (no ring)
MPRegen  0.18/turn              (no ring)

@: no status effects
A: magic shield, magic regeneration
a: no special abilities


You were on level 3 of the Dungeon.
You were hungry.

You visited 1 branch of the dungeon, and saw 3 of its levels.

You collected 110 gold pieces.

Inventory:

Hand Weapons
 a - a +0 long sword (weapon)
Missiles
 d - 3 throwing nets (quivered)
Armour
 b - a +0 leather armour (worn)
 c - a +0 helmet (worn)
Jewellery
 g - an uncursed ring of wizardry {unknown}
Scrolls
 e - a scroll of amnesia {unknown}
 l - a scroll of remove curse {unknown}
 m - a scroll of fog {unknown}
 n - a scroll of random uselessness {unknown}
 o - a scroll of identify {unknown}
 p - a scroll of immolation {unknown}
Potions
 h - 2 potions of heal wounds {unknown}
 i - 2 potions of curing {unknown}
 j - 2 potions of ambrosia {unknown}
 k - a potion of haste {unknown}
Comestibles
 f - 7 rations


   Skills:
 + Level 2.7 Fighting
 + Level 3.2 Long Blades
 + Level 2.3 Throwing
 + Level 1.3 Armour
 + Level 3.2 Dodging


You had 3 spell levels left.
You didn't know any spells.
Your spell library was empty.

Dungeon Overview and Level Annotations

Branches:
Dungeon (3/15)

Altars:
Vehumet
Xom


Innate Abilities, Weirdness & Mutations

When hurt, damage is shared between your health and your magic reserves.
You regenerate magic rapidly.


Message History

Unknown command.
You slash the orc!
You kill the orc!
You hit the orc.
The orc is heavily wounded.
The orc misses you.
You closely miss the orc.
The orc is heavily wounded.
The orc priest miscasts a cantrip.
The orc barely misses you.
You slash the orc!
You kill the orc!
You are feeling hungry.
The orc hits you but does no damage. Space bends around you.
* * * LOW HITPOINT WARNING * * *
You hit the orc.
The orc is severely wounded.
The orc priest calls down the wrath of Beogh upon you.
Beogh smites you!
You die...

.# ####[ #....
#.#... ###.#... #
.....o# .#.##..##o#
# #.#....##@# # #
#.#.#..##.#.#### #
................. #
##.#............ #
#####.#..#####...##
#
###..).†..........##
#
...........########
# ###.#.#.##.# #
#.#.#.##.#


You could see an orc priest and an orc.

Vanquished Creatures
  Jessica (D:2)
  A worm (D:2)
  2 dart slugs
  A leopard gecko (D:2)
  3 orcs (D:3)
  2 giant cockroaches
  8 goblins
  2 hobgoblins
  4 jackals (D:1)
  6 kobolds
  2 quokkas
  A ball python (D:2)
  6 bats
  4 frilled lizards
  8 rats
51 creatures vanquished.

Notes
Turn   | Place    | Note
-------+----------+-------------------------------------------
     0 | D:1      | BritishOli the Demonspawn Gladiator began the quest for the
                  | Orb.
     0 | D:1      | Reached XP level 1. HP: 16/16 MP: 1/1
   234 | D:1      | Gained mutation: When hurt, damage is shared between your
                  | health and your magic reserves. [demonic ancestry]
   234 | D:1      | Reached XP level 2. HP: 22/22 MP: 2/2
   634 | D:1      | Gained mutation: You regenerate magic rapidly. [demonic
                  | ancestry]
   634 | D:1      | Reached XP level 3. HP: 5/28 MP: 0/3
  1131 | D:2      | Noticed Jessica
  1138 | D:2      | Killed Jessica
  1138 | D:2      | Reached skill level 1 in Armour
  1347 | D:2      | Found a radiant altar of Vehumet.
  1434 | D:2      | Found a shimmering altar of Xom.
  1568 | D:2      | HP: 1/28 [worm (6)]
  1867 | D:2      | Reached XP level 4. HP: 34/34 MP: 4/4
  2230 | D:3      | Killed from afar by an orc priest

Illustrated notes

Levels and vault maps discovered:
D:1:      dpeg_arrival_more_subterranean_lakeside_camping, layout_basic
D:2:      layout_rooms, lemuel_crystal_altar, lemuel_crystal_altar, uniq_jessica
D:3:      layout_loops_ring, nicolae_ru_path_of_blood

Skill      XL: |  1  2  3 |
---------------+----------+-----
Throwing       | 2 |  2.3
Dodging        | 3 |  3.2
Long Blades    | 3 |  3.2
Armour         | 1 |  1.3
Fighting       | |  2.7

Action                   |  1- 3 |  4- 6 || total
-------------------------+-------+-------++-------
Melee: Long sword        |   110 |    41 ||   151
 Stab: Sleeping          |       |     1 ||     1
  Eat: Ration            |     1 |       ||     1
Armor: Leather armour    |    53 |    15 ||    68
Dodge: Dodged            |   130 |    15 ||   145
       Rpst.: Long sword |    35 |     4 ||    39

Table legend:
 A = Non-vault XP
 B = Vault XP
 C = Vault XP percentage of total XP
 D = Non-vault monster count
 E = Vault monster count
 F = Vault count percentage of total count
                 A         B        C        D         E       F
            +---------+---------+-------+---------+---------+-------
      Total |      89 |      37 |  29.4 |      50 |       1 |   2.0
            +---------+---------+-------+---------+---------+-------
        D:1 |      44 |       0 |   0.0 |      28 |       0 |   0.0
        D:2 |      26 |      37 |  58.7 |      13 |       1 |   7.1
        D:3 |      19 |       0 |   0.0 |       9 |       0 |   0.0
            +---------+---------+-------+---------+---------+-------
